Map: Infestation

Players

Grumm - Winner!

  • Race: Protoss Protoss
  • League: Gold
  • Spawn Location: 3:00

idontdtrush - Winner!

  • Race: Zerg Zerg
  • League: Gold
  • Spawn Location: 3:00

chris

  • Race: Zerg Zerg
  • Spawn Location: 9:00

Xamusca

  • Race: Terran Terran
  • Spawn Location: 9:00

VOD

Have the link to the VOD?

Description

Time

  • Played on: Jan. 22, 2016, 4:57 p.m.
  • Length: 11:28
Show
View Real Time Build Order
Export as new Build Order

Grumm Protoss - Winner!

Build Orders:  

Get SALT Encoding   

  12  0:01  Probe (Chrono Boost)  
  13  0:12  Probe (Chrono Boost)  
  14  0:19  Pylon  
  14  0:22  Probe (Chrono Boost)  
  15  0:34  Assimilator  
  15  0:37  Probe (Chrono Boost)  
  16  0:44  Gateway  
  16  0:56  Gateway  
  16  0:57  Probe (Chrono Boost)  
  17  1:08  Probe (Chrono Boost)  
  17  1:11  Assimilator  
  18  1:21  Probe (Chrono Boost)  
  19  1:32  Cybernetics Core  
  19  1:34  Probe (Chrono Boost)  
  19  1:38  Pylon  
  20  1:45  Probe (Chrono Boost)  
  21  1:55  Zealot  
  21  1:57  Probe (Chrono Boost)  
  24  2:10  Robotics Facility  
  24  2:11  Warp Gate (Chrono Boost)  
  24  2:21  Gateway  
  24  2:26  Gateway  
  24  2:30  Probe  
  25  2:44  Pylon  
  25  2:48  Twilight Council  
  25  2:54  Stalker  
  27  3:07  Warp Prism  
  29  3:19  Stalker  
  31  3:21  Sentry  
  31  3:25  Sentry  
  35  3:32  Pylon  
  35  3:39  Resonating Glaives  
  35  4:02  Immortal  
  39  4:15  Zealot x3  
  45  4:32  Stalker  
  47  4:45  Zealot  
  47  4:51  Stalker x2  
  37  5:01  Observer (Chrono Boost), Probe  
  39  5:08  Forge  
  39  5:11  Stalker x2  
  39  5:13  Probe  
  38  5:33  Zealot x2  
  42  5:42  Warp Prism (Chrono Boost)  
  44  5:46  Probe  
  45  6:01  Zealot  
  47  6:07  Zealot  
  41  6:24  Stalker x3  
  44  6:43  Stalker  
  46  6:59  Pylon, Protoss Ground Weapons Level 1 (Chrono Boost)  
  46  7:20  Immortal  
  46  7:22  Stalker, Zealot  
  54  7:27  Photon Cannon  
  52  7:47  Stalker  
  53  7:59  Observer  
  46  8:07  Nexus  
  41  8:25  Stalker x2  
  43  9:20  Stalker x2  
  47  9:47  Nexus  
  47  9:50  Pylon  
  47  10:08  Immortal  
  51  10:24  Adept x2  
  55  10:57  Zealot x2  
  55  10:58  Zealot  
  57  11:17  Stalker  
Show
View Real Time Build Order
Export as new Build Order

idontdtrush Zerg - Winner!

Build Orders: 3 Hatch before Pool 

Get SALT Encoding   

  12  0:01  Drone  
  13  0:09  Drone  
  14  0:18  Overlord  
  14  0:22  Extractor  
  14  0:25  Extractor  
  14  0:26  Drone  
  13  0:31  Drone  
  16  0:37  Drone  
  17  0:58  Hatchery  
  16  1:18  Hatchery  
  15  1:23  Drone, Extractor  
  15  1:28  Drone  
  15  1:30  Drone  
  17  1:49  Spawning Pool  
  17  1:52  Drone  
  17  1:56  Drone  
  17  2:00  Drone  
  19  2:10  Overlord  
  19  2:16  Drone  
  19  2:18  Drone  
  21  2:37  Queen  
  21  2:38  Queen  
  25  2:47  Queen  
  27  2:52  Drone  
  27  2:53  Drone  
  29  3:00  Drone  
  29  3:01  Drone x2  
  29  3:05  Drone  
  33  3:09  Drone x2  
  33  3:12  Drone  
  36  3:16  Overlord  
  36  3:22  Metabolic Boost  
  36  3:26  Drone x2  
  38  3:40  Drone x4  
  38  3:41  Drone x3  
  45  3:45  Overlord  
  45  3:47  Zergling x2  
  46  3:53  Spine Crawler  
  46  3:55  Zergling x4  
  47  4:01  Spine Crawler  
  47  4:02  Zergling x4  
  48  4:03  Zergling x4  
  50  4:12  Spine Crawler  
  50  4:14  Spine Crawler  
  50  4:15  Zergling x8  
  52  4:23  Zergling x4  
  54  4:25  Baneling Nest  
  53  4:32  Extractor x2  
  53  4:34  Drone x5  
  53  4:35  Drone  
  53  4:36  Drone  
  58  4:40  Extractor  
  58  4:42  Overlord  
  57  4:49  Spore Crawler  
  57  4:52  Spore Crawler  
  55  4:57  Lair  
  56  5:07  Drone x5  
  56  5:08  Drone x3  
  56  5:11  Spore Crawler  
  62  5:15  Spore Crawler  
  61  5:39  Drone x3  
  61  5:40  Drone, Extractor  
  61  5:41  Extractor  
  61  5:42  Overlord x4  
  63  5:43  Overlord x2  
  63  5:48  Drone x2  
  63  5:49  Drone  
  66  5:57  Spore Crawler  
  66  6:00  Queen  
  66  6:01  Overlord x2  
  67  6:11  Spire  
  67  6:15  Spore Crawler  
  67  6:16  Queen  
  67  6:21  Spore Crawler  
  67  6:24  Drone x3  
  67  6:57  Spore Crawler  
  67  6:59  Overseer  
  66  7:03  Drone x4  
  66  7:05  Drone x3, Hydralisk Den  
  72  7:13  Drone x3, Extractor  
  74  7:16  Overseer  
  74  7:19  Overlord  
  74  7:20  Overlord  
  73  7:31  Mutalisk x3  
  73  7:32  Mutalisk x6  
  91  7:38  Zerg Flyer Weapons Level 1  
  91  7:43  Drone x3  
  94  7:58  Mutalisk x3  
  98  8:35  Mutalisk x4  
  98  8:36  Mutalisk  
  108  8:52  Hatchery  
  108  8:54  Extractor  
  106  8:57  Mutalisk x3, Extractor  
  111  9:25  Muscular Augments  
  111  9:28  Evolution Chamber  
  111  9:29  Drone x4  
  111  9:30  Evolution Chamber  
  113  9:32  Drone x6  
  113  9:33  Drone x2, Overlord x2  
  113  9:34  Overlord x6  
  121  9:46  Hatchery  
  120  9:55  Mutalisk  
  120  9:56  Mutalisk x5  
  120  9:57  Hatchery  
  115  10:20  Mutalisk  
  115  10:21  Mutalisk x2  
  109  11:04  Extractor  
  109  11:07  Extractor  
Show
View Real Time Build Order
Export as new Build Order

chris Zerg 

Build Orders: Hatch First 

Get SALT Encoding   

  12  0:02  Drone  
  14  0:14  Drone  
  14  0:18  Extractor  
  14  0:20  Extractor  
  12  0:27  Drone  
  12  0:28  Drone  
  16  0:50  Hatchery  
  15  0:57  Overlord  
  15  1:00  Extractor  
  15  1:02  Extractor  
  13  1:06  Drone  
  13  1:10  Extractor  
  15  1:16  Drone  
  16  1:19  Spawning Pool  
  16  1:23  Drone  
  16  1:25  Drone  
  17  1:36  Drone  
  18  1:41  Drone  
  19  1:53  Drone  
  20  2:08  Drone x2  
  22  2:18  Queen  
  22  2:19  Overlord  
  22  2:22  Drone  
  27  2:34  Queen  
  27  2:36  Drone  
  27  2:37  Drone x3, Extractor  
  30  2:45  Zergling x2  
  31  2:56  Zergling x4  
  33  3:10  Lair  
  33  3:17  Zergling x2  
  33  3:18  Zergling x4  
  33  3:19  Overlord x2  
  36  3:35  Extractor  
  36  3:37  Zergling x6  
  36  3:38  Zergling x4  
  36  3:40  Zergling x2  
  41  3:47  Roach Warren  
  40  3:51  Extractor  
  40  3:53  Drone x4  
  43  4:05  Drone x2  
  43  4:06  Drone  
  46  4:14  Spire  
  44  4:35  Roach x4  
  46  4:55  Roach x2  
  46  4:56  Roach  
  51  5:01  Overlord x2  
  51  5:13  Spawning Pool  
  50  5:29  Mutalisk  
  50  5:30  Mutalisk x3  
  58  5:48  Zerg Flyer Weapons Level 1  
  58  5:53  Drone x2  
  55  6:12  Mutalisk  
  55  6:13  Mutalisk x2  
  61  6:34  Spore Crawler  
  61  6:35  Spore Crawler  
  61  6:36  Spore Crawler  
  61  6:37  Spore Crawler  
  57  6:45  Spore Crawler  
  56  6:49  Spore Crawler  
  56  6:52  Drone  
  56  6:57  Drone  
  57  7:07  Glial Reconstitution  
  57  7:11  Drone  
  57  7:15  Drone  
  59  7:20  Drone  
  60  7:28  Metabolic Boost  
  56  7:41  Drone x3  
  56  8:01  Drone x6  
  56  8:04  Drone  
  58  8:05  Drone  
  58  8:09  Drone  
  47  8:27  Drone  
  47  8:28  Drone x5  
  53  8:49  Hatchery  
  53  8:53  Mutalisk  
  53  8:54  Mutalisk x3  
  60  9:06  Overlord x3  
  60  9:08  Zerg Flyer Weapons Level 2  
  60  9:33  Hydralisk Den  
  60  9:36  Evolution Chamber, Drone  
  60  9:37  Mutalisk x5  
  60  9:38  Mutalisk x2  
  73  9:54  Mutalisk x2  
  73  9:55  Mutalisk x3  
  79  10:13  Mutalisk  
  79  10:14  Mutalisk x4  
  65  10:30  Mutalisk  
  65  10:31  Mutalisk  
  65  10:32  Hydralisk  
  65  10:33  Hydralisk  
  63  10:43  Spore Crawler  
  63  10:45  Spore Crawler  
  63  10:46  Hydralisk x2  
  63  10:47  Spore Crawler  
  63  10:49  Spore Crawler  
  58  11:02  Hydralisk  
  58  11:03  Hydralisk x3  
Show
View Real Time Build Order
Export as new Build Order

Xamusca Terran 

Build Orders: Mech, Banshee Rush 

Get SALT Encoding   

  12  0:02  SCV  
  13  0:14  SCV  
  14  0:26  SCV  
  14  0:27  Refinery  
  15  0:38  Refinery  
  15  0:47  Supply Depot  
  15  1:08  SCV  
  15  1:10  Barracks  
  16  1:20  SCV  
  16  1:22  Supply Depot  
  17  1:32  SCV  
  18  1:45  SCV  
  19  1:57  SCV  
  20  2:01  Factory  
  20  2:05  Barracks Reactor  
  20  2:08  Barracks Tech Lab  
  20  2:11  SCV  
  21  2:22  Supply Depot  
  21  2:23  SCV  
  22  2:35  SCV  
  22  2:36  Barracks Tech Lab  
  23  2:45  Supply Depot  
  23  2:47  Starport  
  23  3:14  Starport  
  23  3:16  Barracks Reactor  
  23  3:25  Factory Tech Lab  
  23  3:26  Banshee  
  26  3:27  Cloaking Field  
  26  3:42  Orbital Command  
  26  3:51  Banshee  
  29  4:09  Banshee  
  32  4:24  Widow Mine  
  34  4:34  Banshee  
  37  5:03  Banshee  
  40  5:17  Banshee  
  40  5:53  Command Center  
  40  5:59  Factory  
  40  6:04  Liberator x2  
  46  6:44  Factory  
  43  7:06  Siege Tank  
  46  7:08  Factory Tech Lab  
  46  7:12  Orbital Command  
  46  7:29  Factory Tech Lab  
  46  7:34  Marine  
  46  7:35  Marine  
  48  7:38  Siege Tank  
  48  7:43  Refinery  
  51  7:44  Refinery  
  51  7:52  Marine x2  
  53  8:24  Viking x2  
  54  8:29  Marine x2  
  50  8:34  SCV  
  50  8:35  SCV  
  49  8:47  SCV x2  
  51  8:50  Armory  
  51  8:59  Viking, SCV  
  51  9:00  Viking  
  56  9:17  SCV x2  
  58  9:29  SCV x2  
  60  9:51  Thor  
  60  9:52  Thor x2  
  78  10:03  Supply Depot  
  78  10:04  Supply Depot x2  
  78  10:06  Supply Depot  
  54  10:29  Supply Depot  
  54  10:33  Viking x2  
Tags
 
Add a new tag
Caveats
  • Supply blocks, unpowered buildings, or Contaminate may cause inaccurate times.
  • Supply counts are checked every 10 seconds.